 Dungeon Crawl Stone Soup version 0.31-a0-175-g9f7f995f2b (webtiles) character file.

Game seed: 18145997677391251684

8 Moral the Chiller (level 2, 22/22 HPs)
             Began as a Naga Ice Elementalist on June 16, 2023.
             Got out of the dungeon alive.
             The game lasted 00:01:03 (600 turns).

Moral the Chiller (Naga Ice Elementalist)            Turns: 600, Time: 00:01:04

Health: 22/22      AC:  1    Str: 10    XL:     2   Next: 8%
Magic:  5/5        EV: 10    Int: 15    God:
Gold:   23         SH:  0    Dex: 11    Spells: 4/5 levels left

rFire   . . .        (no weapon)
rCold   . . .        (no shield)
rNeg    . . .        a - +0 robe
rPois   +            (no helmet)
rElec   .            (no cloak)
rCorr   .            (no gloves)
SInv    +            (no barding)
Will    .....        (no amulet)
Stlth   ++           (no ring)
HPRegen 0.23/turn    (no ring)
MPRegen 0.09/turn

%: no passive effects
@: very slow
A: AC +0, large, see invisible, deformed body, poison resistance, slowness 2,
spit poison 1, naga tail 1
a: Spit Poison


You escaped.
You visited 1 branch of the dungeon, and saw 2 of its levels.

You collected 23 gold pieces.

Inventory:

Armour
 a - a +0 robe (worn)
Scrolls
 c - a scroll of fear {unknown}
 d - a scroll of blinking {unknown}
 e - a scroll of poison {unknown}
Potions
 b - a potion of magic
 f - 2 potions of mutation {unknown}
 g - a potion of attraction {unknown}


   Skills:
 + Level 1.7 Dodging
 * Level 3.3 Stealth
 * Level 2.1 Spellcasting
 * Level 4.1 Ice Magic


You had 4 spell levels left.
You knew the following spells:

 Your Spells              Type           Power      Damage    Failure   Level
a - Freeze                Ice            56%        1d7       4%          1

Your spell library contained the following spells:

 Spells                   Type           Power      Damage    Failure   Level
 Frozen Ramparts          Ice            28%        1d5       12%         3
 Ozocubu's Armour         Ice            14%        N/A       12%         3
 Slow                     Hex            4%         N/A       22%         1
 Confusing Touch          Hex            1%         N/A       54%         3
 Vampiric Draining        Necr           1%         2d6       54%         3
 Summon Ice Beast         Ice/Summ       7%         N/A       67%         4


Dungeon Overview and Level Annotations

Branches:
Dungeon (2/15)

Altars:


Innate Abilities, Weirdness & Mutations

Your serpentine skin is tough. (AC +0)
You have supernaturally acute eyesight. (SInv)
Armour fits poorly on your strangely shaped body.
Your system is resistant to poisons. (rPois)
You cover ground very slowly.
You can spit poison.
You have a snake-like lower body.


Message History

The endoplasm is severely wounded.
The endoplasm freezes you.
You are frozen.
You hit the endoplasm.
You kill the endoplasm!
Found a scroll labelled AQYSUAREOHUO.
Found 9 stones.
You see here a +0 spear.
Found a scroll labelled IJUTUNAUGUE.
You see here a +0 spear.
d - a scroll labelled AQYSUAREOHUO
e - a scroll labelled IJUTUNAUGUE
Found a stone staircase leading down.
There is a stone staircase leading down here.
f - 2 sedimented pink potions
g - a metallic puce potion
Found a stone staircase leading down.
There is a stone staircase leading down here.
You climb downwards.
Found a book of Debilitation and 8 gold pieces.
There is a stone staircase leading up here.
You climb upwards.
There is a stone staircase leading down here.
You climb downwards.
There is a stone staircase leading up here.
You pick up a book of Debilitation and begin reading...
You add the spells Slow, Vampiric Draining and Confusing Touch to your library.
There is a stone staircase leading up here.
You climb upwards.
There is a stone staircase leading down here.
You see here 9 stones.
You see here a +0 club.
You open the door.
There is an open door here.
There is an open door here.
You see here a +0 club.
There is a staircase leading out of the dungeon here.
There's nothing to open nearby.
Are you sure you want to leave the Dungeon?
This will make you lose the game!
You have escaped!

##.......####.####.......##
##.....#### #....####.....##
##....### #.......###....##
#....## #####.....##....# ##...##
#...#+#....##...## #....#
#..)..##....#....# #...##
##.##...##...##...# #...#
#...##...#....#...# #...#
#.@.##...#....#...# #...# .. .
#...##...#....#...# #...## ..#
...#####...##...##...# #....#
...##.........##....#....#
##...##....###.(...#'#....##...##
#....##.....#######.....##....#
##....###.............###....##
##.....####.......####.....##
##.......##'######.).....##


There were no monsters in sight!

Vanquished Creatures
  A dart slug (D:1)
  An endoplasm (D:1)
  A hobgoblin (D:1)
  A kobold (D:1)
  A ball python (D:1)
  A frilled lizard (D:1)
6 creatures vanquished.

Notes
Turn   | Place    | Note
-------+----------+-------------------------------------------
     0 | D:1      | Moral the Naga Ice Elementalist began the quest for the
                  | Orb.
     0 | D:1      | Reached XP level 1. HP: 15/15 MP: 3/3
   327 | D:1      | Reached XP level 2. HP: 18/22 MP: 0/5
   600 | D:$      | Got out of the dungeon alive.

Illustrated notes

Levels and vault maps discovered:
D:1:      dpeg_arrival_circle_labyrinth_a, layout_loops_ring,
          hellmonk_ecumenical_altar_run_dry, minmay_tiny_reverse_x
D:2:      layout_loops_ring, basic_altar

Action                     || total
---------------------------++-------
  Melee: Unarmed           ||    12
   Cast: Freeze            ||     6
Ability: Spit Poison       ||     2
 Armour: Robe              ||     1
  Dodge: Dodged            ||     6

Table legend: (Time is in decaauts)
 A = Elapsed time spent in this place.
 B = Non-inter-level travel time spent in this place.
 C = Inter-level travel time spent in this place.
 D = Time resting spent in this place.
 E = Time spent auto-exploring this place.
 F = Levels seen in this place.
 G = Mean time per level.
                   A        B        C        D        E       F      G
               +--------+--------+--------+--------+--------+-----+--------+
         Total |    774 |    608 |    166 |      0 |    504 |   2 |  387.0 |
       Dungeon |    774 |    608 |    166 |      0 |    504 |   2 |  387.0 |
               +--------+--------+--------+--------+--------+-----+--------+

Top non-repeatable levels by time:
     D:1: 763 daAuts
     D:2: 10 daAuts
